 Dungeon Crawl Stone Soup version 0.16.2-12-gd0ad4c3 (webtiles) character file.

39 Burgundious the Ruffian (level 3, -1/28 HPs)
             Began as a Draconian Transmuter on Sept 23, 2015.
             Succumbed to a gnoll's poison
             ... on level 2 of the Dungeon.
             The game lasted 00:02:44 (985 turns).

Burgundious the Ruffian (Draconian Transmuter)       Turns: 985, Time: 00:02:44

Health: -1/28      AC:  5    Str: 12    XL:     3   Next: 26%
Magic:  5/6        EV: 12    Int: 14    God:
Gold:   30         SH:  0    Dex: 11    Spells: 2 memorised, 3 levels left

rFire  . . .     SeeInvis .       - Unarmed
rCold  . . .     Clarity  .     (armour unavailable)
rNeg   . . .     SustAb   .     (no shield)
rPois  .         Gourm    .     (helmet restricted)
rElec  .         Spirit   .     (no cloak)
rCorr  .         Warding  .     (no gloves)
rMut   .         Stasis   .     (no boots)
MR     .....                    (no amulet)
Stlth  +.........               (no ring)
                                (no ring)

@: lethally poisoned (-1 -> -18), appendage, not resistant to hostile
enchantments, very unstealthy
A: unfitting armour, horns 2, cold-blooded, AC +5
a: End Transformation


You were on level 2 of the Dungeon.
You were hungry.
You had grown temporary horns.
You visited 1 branch of the dungeon, and saw 2 of its levels.

You collected 30 gold pieces.

Inventory:

Missiles
 b - 12 arrows
 e - 13 arrows of frost
Jewellery
 h - an uncursed amulet of guardian spirit
Scrolls
 f - a scroll of fear {unknown}
 j - a scroll of magic mapping {unknown}
 k - 2 scrolls of fog {unknown}
 l - 3 scrolls of identify {unknown}
 m - a scroll of random uselessness {unknown}
Potions
 g - a potion of might {unknown}
 i - a potion of invisibility {unknown}
Books
 d - a book of Changes

   Spells                             Type                      Level
   a - Beastly Appendage              Transmutation                1
   b - Sticks to Snakes               Transmutation                2
   c - Spider Form                    Transmutation/Poison         3
   d - Ice Form                       Ice/Transmutation            4
   e - Blade Hands                    Transmutation                5
 o - a book of Death

   Spells                             Type                      Level
   a - Corpse Rot                     Necromancy                   2
   b - Sublimation of Blood           Necromancy                   2
   c - Agony                          Necromancy                   5
   d - Dispel Undead                  Necromancy                   5
   e - Excruciating Wounds            Charms/Necromancy            5
   f - Bolt of Draining               Conjuration/Necromancy       5
Comestibles
 a - a bread ration
 c - a beef jerky
 n - 2 fruits


   Skills:
 - Level 1.1 Fighting
 - Level 1.8 Dodging
 + Level 4.3 Unarmed Combat
 - Level 2.0 Spellcasting
 - Level 2.0 Transmutations


You had 3 spell levels left.
You knew the following spells:

 Your Spells              Type           Power        Failure   Level  Hunger
a - Beastly Appendage     Trmt           #.....       12%         1    ##.....
b - Sticks to Snakes      Trmt           #.........   17%         2    ###....


Dungeon Overview and Level Annotations

Branches:
Dungeon (2/15)

Altars:


Innate Abilities, Weirdness & Mutations

Your plain brown scales are hard (AC +5).
Your body does not fit into most forms of armour.
Your cold-blooded metabolism reacts poorly to cold.
You have a pair of horns on your head.


Message History

You are feeling hungry.
Casting: Beastly Appendage
Confirm with . or Enter, or press ? or * to list all spells.
You extend your transformation's duration.
The gnoll hits you but does no damage.
The gnoll shouts!
The gnoll barely misses you.
The gnoll hits you with a spear of venom!
You are poisoned.
You see here an adder corpse.
You barely miss the gnoll.
You feel sick. The gnoll hits you but does no damage.
You are lethally poisoned!
The gnoll hits you from afar with a halberd!
* * * LOW HITPOINT WARNING * * *
* * * LOW HITPOINT WARNING * * *
You feel sick. The gnoll closely misses you.
* * * LOW HITPOINT WARNING * * *
You feel sick.
You die...

########
.......#
######.# #.#
#.############
#..........@.#
#.##########.#
### ###.#
#.#g#
#.#.#.#.8g#
..gg....g.#
g.........#
.#.#.#.8## #
###8##


You could see 2 gnolls.

Vanquished Creatures
  An adder (D:2)
  4 bats
  5 hobgoblins
  3 jackals
  5 kobolds (D:1)
  A giant newt (D:2)
  5 goblins
  8 rats (D:1)
32 creatures vanquished.

Notes
Turn   | Place    | Note
--------------------------------------------------------------
     0 | D:1      | Burgundious, the Draconian Transmuter, began the quest for the Orb.
     0 | D:1      | Reached XP level 1. HP: 16/16 MP: 3/3
   176 | D:1      | Reached XP level 2. HP: 14/23 MP: 4/4
   181 | D:1      | Learned a level 2 spell: Sticks to Snakes
   634 | D:1      | Reached skill level 4 in Unarmed Combat
   781 | D:2      | Reached XP level 3. HP: 26/28 MP: 6/6
   984 | D:2      | HP: 1/28 [poisoned by a gnoll]
   985 | D:2      | Succumbed to a gnoll's poison

Action                   || total
-------------------------++-------
Melee: Unarmed           ||   101
 Cast: Beastly Appendage ||     6
